 Dungeon Crawl Stone Soup version 0.17.1-3-g152610e (webtiles) character file.

198 WarriorsX the Slasher (level 6, -7/47 HPs)
             Began as a Human Fighter on Mar 5, 2016.
             Killed by nerve-wracking pain
             ... invoked by Grinder
              (14 damage)
             ... on level 4 of the Dungeon.
             The game lasted 00:06:17 (2570 turns).

WarriorsX the Slasher (Human Fighter)               Turns: 2570, Time: 00:06:17

Health: -7/47      AC: 12    Str: 18    XL:     6   Next: 5%
Magic:  6/6        EV:  7    Int:  9    God:
Gold:   157        SH:  9    Dex: 12    Spells: 0 memorised, 5 levels left

rFire  . . .     SeeInvis .     a - +1 long sword
rCold  + . .     Clarity  .     b - +0 scale mail
rNeg   . . .     SustAt   .     c - +0 shield
rPois  .         Gourm    .     (no helmet)
rElec  .         Spirit   .     p - +1 cloak
rCorr  .         Warding  .     (no gloves)
rMut   .         Stasis   .     (no boots)
MR     .....                    (no amulet)
Stlth  ..........               s - +3 ring of protection
                                o - ring of protection from cold

@: not resistant to hostile enchantments, extremely unstealthy
A: no striking features
a: no special abilities


You were on level 4 of the Dungeon.
You were not hungry.

You visited 1 branch of the dungeon, and saw 4 of its levels.

You collected 157 gold pieces.

Inventory:

Hand Weapons
 a - a +1 long sword (weapon)
Armour
 b - a +0 scale mail (worn)
 c - a +0 shield (worn)
 p - a +1 cloak (worn)
Jewellery
 o - a ring of protection from cold (left hand)
 s - a +3 ring of protection (right hand)
Scrolls
 g - 3 scrolls of identify
 j - a scroll of enchant weapon
 l - a scroll of magic mapping
 n - a scroll of remove curse
 r - a scroll of blinking {unknown}
Potions
 d - a potion of might
 h - a potion of brilliance
 i - a potion of magic
 q - a potion of agility {unknown}
Books
 k - a book of Power

   Spells                             Type                      Level
   a - Fulminant Prism                Conjuration/Hexes            4
   b - Iskenderun's Mystic Blast      Conjuration                  4
   c - Venom Bolt                     Conjuration/Poison           5
   d - Bolt of Magma                  Conjuration/Fire/Earth       5
   e - Iron Shot                      Conjuration/Earth            6
   f - Orb of Destruction             Conjuration                  7
   g - Spellforged Servitor           Conjuration/Summoning        7
Comestibles
 e - 3 bread rations
 f - a meat ration
 m - a beef jerky


   Skills:
 - Level 3.0 Fighting
 * Level 4.8 Long Blades
 - Level 4.3 Armour
 - Level 3.0 Shields


You had 5 spell levels left.
You didn't know any spells.

Dungeon Overview and Level Annotations

Branches:
Dungeon (4/15)
 Temple: D:4-7

Altars:
Sif Muna
The Shining One

Annotations:
D:4 Grinder, Sigmund


Message History

You hit Grinder.
Grinder is moderately wounded.
Grinder hits you but does no damage. Grinder gestures at you.
Pain shoots through your body!
You barely miss Grinder.
Grinder is moderately wounded.
Something hits you!
* * * LOW HITPOINT WARNING * * *
Grinder hits you but does no damage.
You hit Grinder.
Grinder is moderately wounded.
Something hits you but does no damage. You block Grinder's attack.
Grinder says, "Mostly I couldn't keep them alive."
Grinder grins, showing sharp teeth.
Grinder hits you but does no damage.
Grinder says, "At least Makhleb appreciates what I'm doing."
Grinder gestures at you. Pain shoots through your body!
You die...

#...........#
#.#.....#.#.###...
#..[....#####
#.#####.#.........
#.......########.#
#.#.#.###...
##>............#.#
#.#.#.# #.##
#.###########.#.#
#.#.#.# #.# #
#...#####.#.#.#
#+#
##........#.#.#
#..#######.#.#
##@# #.#.+ #.##
#.### #5.# #.#
##.## #.# #..# #.#
##.#####.##
#..##....#
##.##....#
#..#....#


You could see Grinder.

Vanquished Creatures
  Crazy Yiuf (D:3)
  Natasha (thrice) (D:3)
  3 gnolls
  5 adders
  A worm (D:3)
  A giant gecko (D:3)
  3 giant cockroaches
  8 hobgoblins
  11 jackals
  5 kobolds
  A ball python (D:3)
  6 bats
  2 giant newts
  5 goblins
  5 rats
60 creatures vanquished.

Notes
Turn   | Place    | Note
--------------------------------------------------------------
     0 | D:1      | WarriorsX the Human Fighter began the quest for the Orb.
     0 | D:1      | Reached XP level 1. HP: 18/18 MP: 1/1
   105 | D:1      | Reached XP level 2. HP: 12/24 MP: 2/2
   485 | D:1      | Reached XP level 3. HP: 29/29 MP: 3/3
  1101 | D:2      | Reached XP level 4. HP: 35/35 MP: 4/4
  1659 | D:3      | Found a deep blue altar of Sif Muna.
  1693 | D:3      | Noticed Natasha
  1698 | D:3      | Killed Natasha
  1698 | D:3      | Reached skill level 4 in Armour
  1701 | D:3      | Reached XP level 5. HP: 32/41 MP: 5/5
  2026 | D:3      | Noticed Crazy Yiuf
  2032 | D:3      | Killed Crazy Yiuf
  2180 | D:3      | Noticed Natasha
  2185 | D:3      | Killed Natasha
  2196 | D:3      | Found a glowing golden altar of the Shining One.
  2271 | D:3      | Noticed Natasha
  2292 | D:3      | Killed Natasha
  2342 | D:3      | Reached XP level 6. HP: 26/47 MP: 6/6
  2545 | D:4      | Noticed Grinder
  2545 | D:4      | Noticed Sigmund
  2570 | D:4      | Killed from afar by Grinder

Action                   |  1- 3 |  4- 6 || total
-------------------------+-------+-------++-------
Melee: Long sword        |    88 |   131 ||   219
  Use: Scroll            |       |     6 ||     6
       Potion            |       |     4 ||     4
  Eat: Chunk             |       |     6 ||     6
